| TOP OF THE 1ST |
|
Arkansas Travelers batting - Pitching for Memphis Blues : RHP Salvador Flores
|
|
Pitching: RHP Salvador Flores
|
|
|
Batting: RHB Dennis Seats
|
0-0: Foul Ball, location: 2F 0-1: SINGLE (Groundball, 56S, EV 63.8 MPH) (infield hit)
|
|
Batting: RHB Denny Gonzalez
|
0-0: Called Strike 0-1: Ball 1-1: Swinging Strike 1-2: Foul Ball, location: 2F 1-2: Foul Ball, location: 2F 1-2: Ball 2-2: Strikes out swinging
|
|
Batting: LHB Phil Stephenson
|
0-0: SINGLE (Groundball, 5L, EV 107.5 MPH) (infield hit) Dennis Seats to second
|
|
Batting: RHB Randy Milligan
|
0-0: Ball 1-0: Called Strike 1-1: Swinging Strike 1-2: Strikes out swinging
|
|
Batting: SHB Bob Meacham
|
0-0: Fly out, F9 (Flyball, 9D, EV 78.8 MPH)
|
| Top of the 1st over - 0 runs, 2 hits, 0 errors, 2 left on base; Arkansas 0 - Memphis 0 |
| BOTTOM OF THE 1ST |
|
Memphis Blues batting - Pitching for Arkansas Travelers : RHP DeVallon Harper
|
|
Pitching: RHP DeVallon Harper
|
|
|
Batting: RHB Mariano Duncan
|
0-0: Called Strike 0-1: Ball 1-1: Called Strike 1-2: Ball 2-2: Strikes out swinging
|
|
Batting: LHB Mike Patterson
|
0-0: Ground out U3 (Groundball, 3S, EV 86.3 MPH)
|
|
Batting: LHB David Christianson
|
0-0: Ball 1-0: Ball 2-0: Ball 3-0: Base on Balls
|
|
Batting: RHB Chris James
|
0-0: Fly out, F9 (Flyball, 9LS, EV 98.1 MPH)
|
| Bottom of the 1st over - 0 runs, 0 hits, 0 errors, 1 left on base; Arkansas 0 - Memphis 0 |
| TOP OF THE 2ND |
|
Arkansas Travelers batting - Pitching for Memphis Blues : RHP Salvador Flores
|
|
Batting: LHB Jesus Marinez
|
0-0: Called Strike 0-1: Fly out, F6 (Line Drive, 6, EV 65.6 MPH)
|
|
Batting: SHB Bobby Bonilla
|
0-0: Ball 1-0: Ball 2-0: Ball 3-0: Base on Balls
|
|
Batting: RHB Rob Deer
|
0-0: Ball 1-0: Swinging Strike 1-1: Foul Ball, location: 2F 1-2: Grounds into double play, 6-4-3 (Groundball, 6, EV 86.3 MPH)
|
| Top of the 2nd over - 0 runs, 0 hits, 0 errors, 0 left on base; Arkansas 0 - Memphis 0 |
| BOTTOM OF THE 2ND |
|
Memphis Blues batting - Pitching for Arkansas Travelers : RHP DeVallon Harper
|
|
Batting: RHB Randy Filkins
|
0-0: Ball 1-0: Ball 2-0: Ball 3-0: Base on Balls
|
|
Batting: RHB Augustine Garrett
|
0-0: Called Strike Randy Filkins steals 2nd base 0-1: Foul Ball, location: 2F 0-2: Ball 1-2: Strikes out swinging
|
|
Batting: LHB Don Jacoby
|
0-0: Swinging Strike 0-1: Ball 1-1: Ball 2-1: SINGLE (Line Drive, 56D, EV 98.8 MPH) Randy Filkins to third Runner from 3rd tries for Home, SAFE, throw by LF to home
|
|
Batting: RHB William Muth
|
0-0: Ball 1-0: Foul Ball, location: 2F 1-1: Foul Ball, location: 2F 1-2: Ball 2-2: Reached on error, E5 (Groundball, 56S, EV 78.8 MPH) Don Jacoby to second
|
|
Batting: RHB Bradley Shames
|
0-0: Called Strike 0-1: Swinging Strike 0-2: Strikes out swinging
|
|
Batting: RHB Mariano Duncan
|
0-0: Ground out 5-3 (Groundball, 5S, EV 78.8 MPH)
|
| Bottom of the 2nd over - 1 run, 1 hit, 1 error, 2 left on base; Arkansas 0 - Memphis 1 |
| TOP OF THE 3RD |
|
Arkansas Travelers batting - Pitching for Memphis Blues : RHP Salvador Flores
|
|
Batting: RHB Alex Duarte
|
0-0: Ground out 6-3 (Groundball, 6MS, EV 65.0 MPH)
|
|
Batting: RHB Dennis Seats
|
0-0: Called Strike 0-1: Foul Ball, location: 2F 0-2: Foul Ball, location: 2F 0-2: Fly out, F8 (Flyball, 8LD, EV 93.1 MPH)
|
|
Batting: RHB Denny Gonzalez
|
0-0: Ball 1-0: Foul Ball, location: 2F 1-1: SINGLE (Line Drive, 5D, EV 108.8 MPH)
|
|
Batting: LHB Phil Stephenson
|
0-0: Called Strike 0-1: Swinging Strike 0-2: Foul Ball, location: 2F 0-2: Ball Denny Gonzalez steals 2nd base 1-2: Ball 2-2: Fly out, F8 (Flyball, 8LM, EV 86.9 MPH)
|
| Top of the 3rd over - 0 runs, 1 hit, 0 errors, 1 left on base; Arkansas 0 - Memphis 1 |
| BOTTOM OF THE 3RD |
|
Memphis Blues batting - Pitching for Arkansas Travelers : RHP DeVallon Harper
|
|
Batting: LHB Mike Patterson
|
0-0: Ground out 6-3 (Groundball, 6M, EV 83.8 MPH)
|
|
Batting: LHB David Christianson
|
0-0: Called Strike 0-1: Called Strike 0-2: Strikes out swinging
|
|
Batting: RHB Chris James
|
0-0: Ball 1-0: Foul Ball, location: 2F 1-1: Called Strike 1-2: Foul Ball, location: 2F 1-2: Foul Ball, location: 2F 1-2: Strikes out swinging
|
| Bottom of the 3rd over - 0 runs, 0 hits, 0 errors, 0 left on base; Arkansas 0 - Memphis 1 |
| TOP OF THE 4TH |
|
Arkansas Travelers batting - Pitching for Memphis Blues : RHP Salvador Flores
|
|
Batting: RHB Randy Milligan
|
0-0: Ball 1-0: Ball 2-0: Foul Ball, location: 2F 2-1: Ball 3-1: Swinging Strike 3-2: Ground out 5-3 (Groundball, 56, EV 100.0 MPH)
|
|
Batting: SHB Bob Meacham
|
0-0: Ball 1-0: Swinging Strike 1-1: Ground out 6-3 (Groundball, 6, EV 81.3 MPH)
|
|
Batting: LHB Jesus Marinez
|
0-0: Ball 1-0: Ball 2-0: Called Strike 2-1: Fly out, F9 (Flyball, 9D, EV 99.4 MPH)
|
| Top of the 4th over - 0 runs, 0 hits, 0 errors, 0 left on base; Arkansas 0 - Memphis 1 |
| BOTTOM OF THE 4TH |
|
Memphis Blues batting - Pitching for Arkansas Travelers : RHP DeVallon Harper
|
|
Batting: RHB Randy Filkins
|
0-0: Swinging Strike 0-1: Foul Ball, location: 2F 0-2: Ball 1-2: Ball 2-2: Strikes out swinging
|
|
Batting: RHB Augustine Garrett
|
0-0: SOLO HOME RUN (Line Drive, 89XD, EV 106.3 MPH), Distance : 410 ft
|
|
Batting: LHB Don Jacoby
|
0-0: Ball 1-0: Swinging Strike 1-1: Foul Ball, location: 2F 1-2: Strikes out looking
|
|
Batting: RHB William Muth
|
0-0: Called Strike 0-1: Ball 1-1: Ball 2-1: Foul Ball, location: 2F 2-2: Foul Ball, location: 2F 2-2: Foul Ball, location: 2F 2-2: Ball 3-2: Base on Balls
|
|
Batting: RHB Bradley Shames
|
0-0: Foul Ball, location: 2F 0-1: Swinging Strike 0-2: Ball 1-2: Foul Ball, location: 2F 1-2: Ball 2-2: Foul Ball, location: 2F 2-2: Ball 3-2: Base on Balls William Muth to second
|
|
Batting: RHB Mariano Duncan
|
0-0: Called Strike 0-1: Fly out, F9 (Flyball, 89M, EV 86.9 MPH)
|
| Bottom of the 4th over - 1 run, 1 hit, 0 errors, 2 left on base; Arkansas 0 - Memphis 2 |
| TOP OF THE 5TH |
|
Arkansas Travelers batting - Pitching for Memphis Blues : RHP Salvador Flores
|
|
Batting: SHB Bobby Bonilla
|
0-0: Ball 1-0: Foul Ball, location: 2F 1-1: Ball 2-1: Foul Ball, location: 2F 2-2: Strikes out swinging
|
|
Batting: RHB Rob Deer
|
0-0: Ball 1-0: Swinging Strike 1-1: Ball 2-1: SINGLE (Groundball, P, EV 91.9 MPH) (infield hit)
|
|
Batting: RHB Alex Duarte
|
0-0: Called Strike Rob Deer steals 2nd base 0-1: SINGLE (Groundball, 56D, EV 95.0 MPH) Rob Deer to third Runner from 3rd tries for Home, SAFE, throw by LF to home
|
|
Batting: RHB Dennis Seats
|
0-0: Called Strike 0-1: Ball 1-1: Swinging Strike 1-2: Grounds into double play, 4-6-3 (Groundball, 4, EV 96.9 MPH)
|
| Top of the 5th over - 1 run, 2 hits, 0 errors, 0 left on base; Arkansas 1 - Memphis 2 |
| BOTTOM OF THE 5TH |
|
Memphis Blues batting - Pitching for Arkansas Travelers : RHP DeVallon Harper
|
|
Batting: LHB Mike Patterson
|
0-0: Called Strike 0-1: Foul Ball, location: 2F 0-2: Foul Ball, location: 2F 0-2: Strikes out swinging
|
|
Batting: LHB David Christianson
|
0-0: Ball 1-0: Ball 2-0: Called Strike 2-1: Swinging Strike 2-2: Ball 3-2: Foul Ball, location: 2F 3-2: Strikes out swinging
|
|
Batting: RHB Chris James
|
0-0: SOLO HOME RUN (Line Drive, 78XD, EV 106.9 MPH), Distance : 413 ft
|
|
Batting: RHB Randy Filkins
|
0-0: Called Strike 0-1: Called Strike 0-2: Strikes out swinging
|
| Bottom of the 5th over - 1 run, 1 hit, 0 errors, 0 left on base; Arkansas 1 - Memphis 3 |
| TOP OF THE 6TH |
|
Arkansas Travelers batting - Pitching for Memphis Blues : RHP Salvador Flores
|
|
Batting: RHB Denny Gonzalez
|
0-0: Called Strike 0-1: Swinging Strike 0-2: Ball 1-2: Foul Ball, location: 2F 1-2: Foul Ball, location: 2F 1-2: Ball 2-2: Strikes out swinging
|
|
Batting: LHB Phil Stephenson
|
0-0: Ball 1-0: Ball 2-0: Ball 3-0: Called Strike 3-1: Foul Ball, location: 2F 3-2: Base on Balls
|
|
Batting: RHB Randy Milligan
|
0-0: Fly out, F9 (Flyball, 9, EV 90.6 MPH)
|
|
Batting: SHB Bob Meacham
|
0-0: Ball 1-0: Ball 2-0: Ground out 4-3 (Groundball, 4, EV 104.4 MPH)
|
| Top of the 6th over - 0 runs, 0 hits, 0 errors, 1 left on base; Arkansas 1 - Memphis 3 |
| BOTTOM OF THE 6TH |
|
Memphis Blues batting - Pitching for Arkansas Travelers : RHP DeVallon Harper
|
|
Batting: RHB Augustine Garrett
|
0-0: Ball 1-0: Foul Ball, location: 2F 1-1: Ball 2-1: SINGLE (Line Drive, 9S, EV 103.8 MPH)
|
|
Batting: LHB Don Jacoby
|
0-0: Fly out, F7 (Flyball, 78D, EV 110.6 MPH)
|
|
Batting: RHB William Muth
|
0-0: Ball 1-0: Called Strike 1-1: Ball Augustine Garrett is caught stealing 2nd base 2-4 2-1: Foul Ball, location: 2F 2-2: Strikes out swinging
|
| Bottom of the 6th over - 0 runs, 1 hit, 0 errors, 0 left on base; Arkansas 1 - Memphis 3 |
| TOP OF THE 7TH |
|
Arkansas Travelers batting - Pitching for Memphis Blues : RHP Salvador Flores
|
|
Batting: LHB Jesus Marinez
|
0-0: Ground out 1-3 (Groundball, P, EV 71.9 MPH)
|
|
Batting: SHB Bobby Bonilla
|
0-0: Called Strike 0-1: Called Strike 0-2: Foul Ball, location: 2F 0-2: Foul Ball, location: 2F 0-2: Strikes out swinging
|
|
Batting: RHB Rob Deer
|
0-0: Ball 1-0: Fly out, F7 (Flyball, 7, EV 91.9 MPH)
|
| Top of the 7th over - 0 runs, 0 hits, 0 errors, 0 left on base; Arkansas 1 - Memphis 3 |
| BOTTOM OF THE 7TH |
|
Memphis Blues batting - Pitching for Arkansas Travelers : RHP DeVallon Harper
|
|
Batting: RHB Bradley Shames
|
0-0: Ball 1-0: Foul Ball, location: 2F 1-1: Foul Ball, location: 2F 1-2: Ball 2-2: Ball 3-2: Foul Ball, location: 2F 3-2: Ground out 6-3 (Groundball, 6, EV 86.9 MPH)
|
|
Batting: RHB Mariano Duncan
|
0-0: Ball 1-0: Called Strike 1-1: SINGLE (Line Drive, 8LS, EV 105.6 MPH)
|
|
Batting: LHB Mike Patterson
|
0-0: Swinging Strike 0-1: Called Strike 0-2: Foul Ball, location: 2F 0-2: Ball 1-2: Ball 2-2: Ball 3-2: Foul Ball, location: 2F 3-2: Fielders Choice at 2nd, 1-6 (Groundball, 13S, EV 70.0 MPH)
|
|
Batting: LHB David Christianson
|
0-0: Called Strike 0-1: Ball 1-1: Fly out, F4 (Flyball, 4D, EV 88.1 MPH)
|
| Bottom of the 7th over - 0 runs, 1 hit, 0 errors, 1 left on base; Arkansas 1 - Memphis 3 |
| TOP OF THE 8TH |
|
Arkansas Travelers batting - Pitching for Memphis Blues : RHP Salvador Flores
|
|
Batting: RHB Alex Duarte
|
0-0: Fly out, F9 (Flyball, 89S, EV 83.8 MPH)
|
|
Batting: RHB Dennis Seats
|
0-0: Called Strike 0-1: Swinging Strike 0-2: Foul Ball, location: 2F 0-2: Ball 1-2: Fly out, F5 (Popup, 6S, EV 85.0 MPH)
|
|
Batting: RHB Denny Gonzalez
|
0-0: Ball 1-0: Ball 2-0: Ball 3-0: Called Strike 3-1: Foul Ball, location: 2F 3-2: Base on Balls
|
|
Batting: LHB Phil Stephenson
|
0-0: Ball 1-0: Foul Ball, location: 2F 1-1: Fielders Choice at 2nd, 6-4 (Groundball, 6, EV 86.9 MPH)
|
| Top of the 8th over - 0 runs, 0 hits, 0 errors, 1 left on base; Arkansas 1 - Memphis 3 |
| BOTTOM OF THE 8TH |
|
Memphis Blues batting - Pitching for Arkansas Travelers : RHP DeVallon Harper
|
|
Batting: RHB Chris James
|
0-0: Ground out 1-3 (Groundball, P, EV 70.6 MPH)
|
|
Batting: RHB Randy Filkins
|
0-0: Ball 1-0: Ball 2-0: Ball 3-0: Called Strike 3-1: Called Strike 3-2: Base on Balls
|
|
Batting: RHB Augustine Garrett
|
0-0: Ball 1-0: Fly out, F5 (Popup, 5SF, EV 83.8 MPH)
|
|
Batting: LHB Don Jacoby
|
0-0: Ball Randy Filkins steals 2nd base 1-0: Swinging Strike 1-1: Ball 2-1: Ball 3-1: Base on Balls
|
|
Batting: RHB William Muth
|
0-0: Ball 1-0: Foul Ball, location: 2F 1-1: Called Strike 1-2: Strikes out swinging
|
| Bottom of the 8th over - 0 runs, 0 hits, 0 errors, 2 left on base; Arkansas 1 - Memphis 3 |
| TOP OF THE 9TH |
|
Arkansas Travelers batting - Pitching for Memphis Blues : RHP Salvador Flores
|
|
Pitching: RHP Mark Humphrey
|
|
|
Batting: RHB Randy Milligan
|
0-0: Foul Ball, location: 2F 0-1: Swinging Strike 0-2: Foul Ball, location: 2F 0-2: Hit by Pitch
|
|
Batting: SHB Bob Meacham
|
0-0: Ball 1-0: Foul Ball, location: 2F 1-1: Fly out, F9 (Flyball, 9, EV 88.8 MPH)
|
|
Batting: LHB Jesus Marinez
|
0-0: Ball 1-0: Called Strike 1-1: Ball 2-1: Ball 3-1: Base on Balls Randy Milligan to second
|
|
Batting: SHB Bobby Bonilla
|
0-0: Ball 1-0: Called Strike 1-1: Foul Ball, location: 2F 1-2: Fly out, F9 (Line Drive, 9, EV 98.8 MPH)
|
|
Pinch Hitting: LHB Terry Byrum
|
0-0: Ball 1-0: Ground out 3-1 (Groundball, 34, EV 76.3 MPH)
|
| Top of the 9th over - 0 runs, 0 hits, 0 errors, 2 left on base; Arkansas 1 - Memphis 3 |
|